 Dungeon Crawl Stone Soup version 0.22-a0-779-g6f83d72c62 (webtiles) character file.

177 Holzbalken the Quickloader (level 5, -2/30 HPs)
             Began as a Kobold Hunter on July 19, 2018.
             Slain by a leopard gecko (3 damage)
             ... on level 6 of the Dungeon.
             The game lasted 00:15:15 (2771 turns).

Holzbalken the Quickloader (Kobold Hunter)          Turns: 2771, Time: 00:15:16

Health: -2/30      AC:  4    Str:  9    XL:     5   Next: 88%
Magic:  5/5        EV: 14    Int: 12    God:
Gold:   158        SH:  0    Dex: 17    Spells: 4/4 levels left

rFire    . . .     SeeInvis .   a - +1 hand crossbow
rCold    . . .     Gourm    .   (shield restricted)
rNeg     . . .     Faith    .   c - +1 leather armour
rPois    .         Spirit   .   (no helmet)
rElec    .         Reflect  .   (no cloak)
rCorr    .         Harm     .   (no gloves)
MR       .....                  (no boots)
Stlth    +.........             (no amulet)
HPRegen  0.10/turn              g - ring of loudness (curse)
MPRegen  0.09/turn              (no ring)

@: no status effects
A: small, carnivore
a: no special abilities


You were on level 6 of the Dungeon.
You were completely stuffed.

You visited 1 branch of the dungeon, and saw 6 of its levels.

You collected 158 gold pieces.

Inventory:

Hand Weapons
 a - a +1 hand crossbow (weapon)
 b - a +1 antimagic dagger
Missiles
 d - 10 bolts (quivered)
Armour
 c - a +1 leather armour (worn)
Jewellery
 g - a cursed ring of loudness (left hand)
Wands
 i - a wand of scattershot (6)
 p - a wand of iceblast (4)
Scrolls
 h - a scroll of teleportation
 k - 2 scrolls of identify
Potions
 e - a potion of flight {unknown}
 j - 2 potions of heal wounds {unknown}
 l - a potion of lignification {unknown}
 n - a potion of might {unknown}
 o - a potion of agility {unknown}
 q - 2 potions of curing
 r - a potion of brilliance {unknown}
Comestibles
 f - 8 rations


   Skills:
 - Level 2.1 Fighting
 + Level 8.0 Crossbows
 - Level 2.4 Dodging
 - Level 1.3 Stealth


You had 4 spell levels left.
You didn't know any spells.
Your spell library was empty.

Dungeon Overview and Level Annotations

Branches:
Dungeon (6/15)
 Temple: D:4-7

Altars:
Cheibriados
Fedhas
Nemelex Xobeh
Qazlal
Ru

Annotations:
D:3 1 transporter, motoroller71's ghost, amateur GnFi


Innate Abilities, Weirdness & Mutations

You are small and have problems with some larger weapons.
You are carnivorous and can eat meat at any time.


Message History

* * * LOW HITPOINT WARNING * * *
You climb downwards.
There is a stone staircase leading up here.
The adder bites you but does no damage.
A leopard gecko comes into view.
The leopard gecko hisses angrily.
The adder completely misses you.
You open the door. The adder barely misses you.
Found a falchion and 8 gold pieces.
The adder misses you.
Found a stone staircase leading down.
There is an open door here.
You see here a falchion.
The adder bites you.
* * * LOW HITPOINT WARNING * * *
The adder bites you.
* * * LOW HITPOINT WARNING * * *
The leopard gecko closely misses you. The leopard gecko bites you.
You die...

......#.#......
....#.#.#......
###............
##.##.#...... #
#.#...... #.#
.....
##+##'###+####
#....).S.....#
#......l@.##.
#.$.......#
#.........#
#.........#
#.........#
####.>#####
##.# #.#


You could see an adder and a leopard gecko.

Vanquished Creatures
  A hound (D:4)
  An orc wizard (D:3)
  A worker ant (D:4)
  A hound skeleton (D:4)
  3 adders (D:2)
  2 leopard geckos
  6 orcs (D:3)
  2 giant cockroaches
  4 goblins
  6 hobgoblins
  A quokka (D:2)
  A ball python (D:3)
  8 bats
  2 frilled lizards
  5 kobolds
  9 rats
53 creatures vanquished.

Notes
Turn   | Place    | Note
-------+----------+-------------------------------------------
     0 | D:1      | Holzbalken the Kobold Hunter began the quest for the Orb.
     0 | D:1      | Reached XP level 1. HP: 12/12 MP: 1/1
   187 | D:1      | Reached skill level 5 in Crossbows
   213 | D:1      | Found a snail-covered altar of Cheibriados.
   238 | D:1      | Reached XP level 2. HP: 17/17 MP: 2/2
  1028 | D:2      | Reached skill level 6 in Crossbows
  1028 | D:2      | Reached XP level 3. HP: 21/21 MP: 3/3
  1134 | D:2      | Reached XP level 4. HP: 26/26 MP: 4/4
  1145 | D:2      | Found a blossoming altar of Fedhas.
  1676 | D:3      | Found a transporter.
  1678 | D:3      | Noticed motoroller71's ghost (amateur GnFi)
  1681 | D:3      | Noticed an ogre
  1683 | D:3      | Noticed an ogre
  1782 | D:3      | Reached skill level 7 in Crossbows
  1782 | D:3      | Reached XP level 5. HP: 2/30 MP: 1/5
  2110 | D:3      | Found a sparkling altar of Nemelex Xobeh.
  2241 | D:2      | Found a stormy altar of Qazlal.
  2241 | D:2      | Found a sacrificial altar of Ru.
  2576 | D:4      | Reached skill level 8 in Crossbows
  2709 | D:4      | Noticed a phantom
  2742 | D:5      | Entered Level 5 of the Dungeon
  2743 | D:5      | Noticed an ogre
  2769 | D:6      | HP: 1/30 [adder (5)]
  2771 | D:6      | Slain by a leopard gecko

Vault maps used:
D:1:      dpeg_arrival_castle, serial_glass, glass_columns_a, glass_columns_a,
          glass_columns_a, glass_columns_b, glass_columns_b, cheibriados_altar_1
D:2:      nicolae_overflow_hidden_temple
D:3:      overflow_temple_1_default, gammafunk_ghost_smash
D:4:      first_ration, minmay_crystal_water, uniq_robin
D:5:      kiku_gazebo_garden_becter, portal_sewer_entry_f
D:6:      minmay_temple_entry_purple_smoke, serial_shops, kennysheep_mini,
          kennysheep_okawaru_gauntlet

Skill      XL: |  1  2  3  4  5 |
---------------+----------------+-----
Crossbows      | 5 6 7 8 |  8.0
Fighting       | |  2.1
Dodging        | |  2.4
Stealth        | |  1.3

Action                   |  1- 3 |  4- 6 || total
-------------------------+-------+-------++-------
Melee: Dagger            |       |    17 ||    17
 Fire: Hand crossbow     |    49 |    60 ||   109
  Use: Scroll            |       |     6 ||     6
  Eat: Chunk             |     9 |     5 ||    14
Armor: Leather armour    |     6 |     8 ||    14
Dodge: Dodged            |     5 |    31 ||    36

Table legend:
 A = Spawn XP
 B = Non-spawn XP
 C = Spawn XP percentage of total XP
 D = Spawn monster count
 E = Non-spawn monster count
 F = Spawn count percentage of total count
 G = Total turns spent on level
                    A         B        C        D         E        F      G
               +---------+---------+-------+---------+---------+-------+---------
         Total |       0 |     254 |   0.0 |       0 |      53 |   0.0 |  2771
               +---------+---------+-------+---------+---------+-------+---------
           D:1 |       0 |      15 |   0.0 |       0 |      12 |   0.0 |   830
           D:2 |       0 |      61 |   0.0 |       0 |      16 |   0.0 |   538
           D:3 |       0 |      80 |   0.0 |       0 |      21 |   0.0 |  1117
           D:4 |       0 |      98 |   0.0 |       0 |       4 |   0.0 |   257
               +---------+---------+-------+---------+---------+-------+---------
